 Dungeon Crawl Stone Soup version 0.28-a0-535-g6f645e4c1d (webtiles) character file.

Game seed: 16210139292469356350

53 willcat the Sneak (level 4, 0/34 (35) HPs)
             Began as a Human Delver on Sept 26, 2021.
             Succumbed to a scorpion's poison
             ... in an ossuary.
             The game lasted 00:01:11 (576 turns).

willcat the Sneak (Human Delver)                     Turns: 576, Time: 00:01:12

HP:   0/34 (35)     AC:  3    Str: 12    XL:     4   Next: 11%
MP:   4/4           EV: 12    Int: 12    God:
Gold: 0             SH:  0    Dex: 14    Spells: 3/3 levels left

rFire   . . .      SeeInvis .   a - +0 short sword
rCold   . . .      Faith    .   (no shield)
rNeg    . . .      Spirit   .   b - +0 leather armour
rPois   .          Reflect  .   (no helmet)
rElec   .          Harm     .   (no cloak)
rCorr   .          Rampage  .   (no gloves)
Will    .....                   (no boots)
Stlth   +++.......              (no amulet)
HPRegen 0.11/turn               (no ring)
MPRegen 0.09/turn               (no ring)

@: lethally poisoned (0 -> -13), lightly drained
A: no striking features
a: no special abilities


You were in an ossuary.
You visited 1 branch of the dungeon, and saw 2 of its levels.
You also visited: Ossuary.

Inventory:

Hand Weapons
 a - a +0 short sword (weapon)
Armour
 b - a +0 leather armour (worn)
Wands
 g - a wand of digging (3)
Scrolls
 c - 2 scrolls of fog
 d - a scroll of magic mapping
Potions
 f - a potion of haste


   Skills:
 - Level 3.0 Fighting
 + Level 2.8 Short Blades
 + Level 2.8 Dodging
 + Level 5.4 Stealth


You had 3 spell levels left.
You didn't know any spells.
Your spell library was empty.

Dungeon Overview and Level Annotations

Branches:
Dungeon (6/15)            Ossuary (1/1)
 Temple: D:4-7

Altars:

Annotations:
D:6 1 runed translucent door, Edmund; Pikel; gorlok231's ghost, novice HuGl


Message History

It was a potion of curing.
You feel better.
You barely miss the scorpion. The scorpion stings you.
You hit the scorpion.
The scorpion is moderately wounded.
The scorpion barely misses you.
You barely miss the scorpion.
The scorpion is moderately wounded.
The scorpion barely misses you.
You barely miss the scorpion.
The scorpion is moderately wounded.
The scorpion closely misses you. The scorpion stings you.
You hit the scorpion.
The scorpion is moderately wounded.
The scorpion stings you.
You hit the scorpion.
The scorpion is heavily wounded.
The scorpion stings you!
You hit the scorpion but do no damage.
The scorpion is heavily wounded.
The scorpion barely misses you.
You hit the scorpion.
The scorpion is severely wounded.
The scorpion stings you.
You are poisoned.
The scorpion poisons you!
You feel better. The scorpion stings you.
You barely miss the scorpion.
The scorpion is severely wounded.
The scorpion stings you!
You hit the scorpion.
The scorpion is severely wounded.
The scorpion stings you.
* * * LOW HITPOINT WARNING * * *
You are lethally poisoned!
The scorpion poisons you! The scorpion stings you.
* * * LOW HITPOINT WARNING * * *
Unknown command.
You hit the scorpion.
The scorpion is almost dead.
You die...

##+######
#...#...#
#...8...#
#.......#
##8...8##
#.......#
#...8...#
#...#.s.#
######@##
#...#...#
#.∩.'.∩.#
#...#...#
#########


You could see a scorpion.

Vanquished Creatures
  A water moccasin skeleton (D:5)
  A gnoll (D:6)
  A hobgoblin zombie (Ossuary)
3 creatures vanquished.

Notes
Turn   | Place    | Note
-------+----------+-------------------------------------------
     0 | D:5      | willcat the Human Delver began the quest for the Orb.
     0 | D:5      | Reached XP level 1. HP: 18/18 MP: 1/1
    20 | D:5      | Reached XP level 2. HP: 5/24 MP: 2/2
    20 | D:5      | Reached XP level 3. HP: 6/29 MP: 3/3
   309 | D:6      | Reached XP level 4. HP: 16/35 MP: 4/4
   312 | D:6      | Found a runed translucent door.
   312 | D:6      | Noticed gorlok231's ghost (novice HuGl)
   340 | D:6      | Noticed a black bear
   351 | D:6      | Found a sand-covered staircase.
   355 | D:6      | Noticed Edmund
   371 | D:6      | Noticed a necrophage
   387 | D:6      | Noticed a bullfrog
   387 | D:6      | Noticed a lemure
   387 | D:6      | Noticed a lemure
   387 | D:6      | Noticed a lemure
   387 | D:6      | Noticed Pikel
   389 | D:6      | Noticed a lemure
   415 | Ossuary  | Entered an ossuary
   547 | Ossuary  | Noticed a scorpion
   576 | Ossuary  | Succumbed to a scorpion's poison

Illustrated notes

Levels and vault maps discovered:
D:5:      layout_rooms, nicolae_wu_jian_wuxing_cycle,
          corexii_item_surrounded_by_moat, minmay_between
D:6:      wad_crossroads, layout_basic, mainiacjoe_overflow_surrounded_room,
          hellmonk_ghost_happy_afterlife, enter_ossuary_1, uniq_edmund,
          uniq_grinder, uniq_sigmund, uniq_pikel
Ossuary:  ossuary_minmay_scorpions

Action                   |  1- 3 |  4- 6 || total
-------------------------+-------+-------++-------
Melee: Short sword       |    18 |    14 ||    32
  Use: Potion            |       |     2 ||     2
       Scroll            |       |     1 ||     1
Armor: Leather armour    |       |     3 ||     3
Dodge: Dodged            |    11 |    10 ||    21

Table legend: (Time is in decaauts)
 A = Elapsed time spent in this place.
 B = Non-inter-level travel time spent in this place.
 C = Inter-level travel time spent in this place.
 D = Time resting spent in this place.
 E = Time spent auto-exploring this place.
 F = Levels seen in this place.
 G = Mean time per level.
                   A        B        C        D        E       F      G
               +--------+--------+--------+--------+--------+-----+--------+
         Total |    574 |    574 |      0 |    262 |    150 |   3 |  191.3 |
       Dungeon |    414 |    414 |      0 |    262 |     20 |   2 |  207.0 |
       Ossuary |    160 |    160 |      0 |      0 |    130 |   1 |  160.0 |
               +--------+--------+--------+--------+--------+-----+--------+

Top non-repeatable levels by time:
     D:5: 298 daAuts
 Ossuary: 160 daAuts
     D:6: 116 daAuts
